 Dungeon Crawl Stone Soup version 0.19-a0-1170-g18f0c96 (webtiles) character file.

4643 mistymad the Grappler (level 10, 0/81 HPs)
             Began as a Troll Earth Elementalist on Aug 16, 2016.
             Slain by an unseen horror (6 damage)
             ... on level 8 of the Dungeon.
             The game lasted 00:18:50 (6456 turns).

mistymad the Grappler (Troll Earth Elementalist)    Turns: 6456, Time: 00:18:51

Health: 0/81       AC:  6    Str: 18      XL:     10   Next: 20%
Magic:  12/12      EV: 10    Int: 13 (14) God:
Gold:   284        SH:  2    Dex: 13      Spells: 1 memorised, 11 levels left

rFire  x . .     SeeInvis .       - Unarmed
rCold  + . .     Gourm    +     c - +0 robe
rNeg   . . .     Faith    .     (no shield)
rPois  .         Spirit   .     (helmet restricted)
rElec  .         Dismiss  .     r - +0 cloak
rCorr  .         Reflect  +     (gloves unavailable)
MR     .....     Harm     .     (boots unavailable)
Stlth  ++........               x - +2 amulet of reflection
                                P - ring of ice
                                N - +3 ring of dexterity

@: no status effects
A: unfitting armour, claws 3, camouflage 1, blurry vision 1, deterioration 1,
fast metabolism 3, gourmand, mutation resistance 1, regeneration 2, shaggy fur
1, tough skin 2
a: no special abilities


You were on level 8 of the Dungeon.
You were not hungry.

You visited 2 branches of the dungeon, and saw 9 of its levels.

You collected 284 gold pieces.

Inventory:

Hand Weapons
 v - a +1 giant spiked club
Missiles
 k - 88 sling bullets
 M - 6 large rocks (quivered)
Armour
 c - a +0 robe (worn)
 r - a +0 cloak (worn)
Jewellery
 x - a +2 amulet of reflection (around neck)
 N - a +3 ring of dexterity (left claw)
 P - a ring of ice (right claw)
Wands
 y - a wand of digging (13/24)
 B - a wand of iceblast (3/15)
 C - a wand of flame (6/48)
 D - a wand of random effects (15/48)
 K - a wand of paralysis (9/24)
 O - a wand of polymorph (13/24)
Scrolls
 b - a scroll of immolation
 f - 5 scrolls of blinking
 g - 9 scrolls of identify
 j - 4 scrolls of remove curse
 l - a scroll of recharging
 m - a scroll of teleportation
 n - a scroll of enchant weapon
 p - a scroll of amnesia
 E - a scroll of vulnerability {unknown}
Potions
 a - a potion of berserk rage {unknown}
 s - a potion of resistance {unknown}
 t - 5 potions of lignification {unknown}
 u - 2 potions of might {unknown}
 z - 2 potions of degeneration {unknown}
 A - 2 potions of magic {unknown}
 F - a potion of curing {unknown}
 I - a potion of agility {unknown}
 J - 2 potions of ambrosia {unknown}
 L - a potion of haste
Books
 e - a book of Geomancy

   Spells                             Type                      Level
   a - Sandblast                      Earth                        1
   b - Passwall                       Transmutation/Earth          2
   c - Stone Arrow                    Conjuration/Earth            3
   d - Petrify                        Transmutation/Earth          4
   e - Lee's Rapid Deconstruction     Earth                        5
 i - a book of Summonings

   Spells                             Type                      Level
   a - Recall                         Summoning/Translocation      3
   b - Aura of Abjuration             Summoning                    5
   c - Summon Demon                   Summoning                    5
   d - Summon Forest                  Summoning/Translocation      5
   e - Summon Mana Viper              Hexes/Summoning              5
   f - Shadow Creatures               Summoning                    6
Comestibles
 d - 7 bread rations
 h - 5 meat rations
 o - 5 beef jerkies
 w - 8 slices of pizza
 G - a royal jelly


   Skills:
 - Level 1.5 Dodging
 - Level 1.1 Stealth
 + Level 14.0 Unarmed Combat
 + Level 2.1 Spellcasting
 - Level 0.6 Transmutations
 - Level 2.6 Earth Magic


You had 11 spell levels left.
You knew the following spells:

 Your Spells              Type           Power        Failure   Level  Hunger
b - Passwall              Tmut/Erth      #.........   21%         2    ###....


Dungeon Overview and Level Annotations

Branches:
Dungeon (8/15)             Temple (1/1) D:5
   Lair: D:8-11

Altars:
Ashenzari
Cheibriados
Dithmenos
Elyvilon
Fedhas
Gozag
Hepliaklqana
Kikubaaqudgha
Makhleb
Nemelex Xobeh
Okawaru
Pakellas
Qazlal
Sif Muna
Trog
Uskayaw
Vehumet
Xom
Yredelemnul
Zin

Annotations:
D:3 Shenda's ghost, amateur MfGl


Innate Abilities, Weirdness & Mutations

You are too large for most types of armour.
You have claws for hands.
Your metabolism is lightning-fast.
You like to eat raw meat.
You heal very quickly.
You are covered in fur. (AC +1)
You have very tough skin. (AC +2)
Your skin changes colour to match your surroundings (Stealth+).
Scrolls take you a little longer to read.
Your body sometimes deteriorates upon taking damage.
You are somewhat resistant to further mutation.


Message History

Something hits you but does no damage.
You scratch something but do no damage. Something hits you but does no damage.
Something hits you.
* * * LOW HITPOINT WARNING * * *
You hear a distant blaring wail to the east.
Something hits you.
* * * LOW HITPOINT WARNING * * *
You take 5 damage, and have 8/81 hp.
Okay, then.
You claw something! Something hits you.
* * * LOW HITPOINT WARNING * * *
You take 2 damage, and have 6/81 hp.
Unknown command.
Evoke which item? (* to show all) (? for menu, Esc to quit)
Zapping:
C - a wand of flame {zapped: 8} (will waste charges)
Press: ? - help, Shift-Dir - straight line
Aim: Disturbance (blue smoke) Evoking this partially-identified wand wasted a few charges.
Something hits you.
You die...

♣..?.# ....♣
#♣♣....##....♣♣
#..............
#($............ ###
#......|...# ..#
#..........# #.#
###§{♣♣..### #.####
#§{♣♣§.# ##. #.#<.#
###@§### ....
#)##)#####§§####....#
#..)=....§)§§.<......
###.........(#.......PP
#####............#.#...P.P.
.................+.........
##'###...........#...P.PPPP
#. #.......(...#..P.P.###
#. #...........#...P..#


There were no monsters in sight!

Vanquished Creatures
  A hill giant (D:8)
  Joseph (D:7)
  A gargoyle (D:8)
  A two-headed ogre (D:8)
  Grinder (D:5)
  A human (D:7)
  3 yaks (D:7)
  A hungry ghost (D:7)
  Edmund (D:5)
  Duvessa (D:5)
  3 phantoms
  4 ogres
  A necrophage (D:7)
  2 centaurs
  2 crocodiles (D:8)
  3 giant frogs
  Dowan (D:5)
  2 killer bees (D:6)
  A scorpion (D:3)
  3 crimson imps
  A centaur zombie (D:8)
  A quasit (D:6)
  A centaur skeleton (D:7)
  3 orc priests
  2 hounds
  A jelly (D:5)
  3 worker ants
  An iguana (D:6)
  6 orc wizards
  A sheep (D:7)
  Robin (D:4)
  4 gnolls (D:8)
  A howler monkey skeleton (D:5)
  11 adders
  A shadow imp (D:6)
  An ooze (D:2)
  An adder zombie (D:6)
  3 worms
  A dart slug (D:5)
  3 giant geckos
  23 orcs
  3 giant cockroaches
  8 goblins
  6 hobgoblins
  11 jackals
  7 kobolds
  A quokka (D:2)
  9 bats
  A giant gecko zombie (D:6)
  5 giant newts
  A jackal skeleton (D:8)
  2 quokka skeletons
  10 rats
168 creatures vanquished.

Notes
Turn   | Place    | Note
-------+----------+-------------------------------------------
     0 | D:1      | mistymad the Troll Earth Elementalist began the quest for the Orb.
     0 | D:1      | Reached XP level 1. HP: 16/16 MP: 1/1
   155 | D:1      | Reached skill level 1 in Unarmed Combat
   317 | D:1      | Reached XP level 2. HP: 24/24 MP: 2/2
   357 | D:1      | Reached skill level 2 in Unarmed Combat
  1042 | D:2      | Reached XP level 3. HP: 30/31 MP: 3/3
  1322 | D:2      | Reached skill level 3 in Unarmed Combat
  1641 | D:3      | Found an iron altar of Okawaru.
  1665 | D:3      | Noticed Shenda's ghost (amateur MfGl)
  1720 | D:4      | Found a radiant altar of Vehumet.
  1768 | D:4      | Reached XP level 4. HP: 32/39 MP: 4/4
  1877 | D:3      | Reached skill level 4 in Unarmed Combat
  1954 | D:4      | Reached skill level 5 in Unarmed Combat
  1954 | D:4      | Reached XP level 5. HP: 42/45 MP: 5/5
  1970 | D:4      | murphy: crystal spear killed u
  1983 | D:4      | murphy: XD
  2193 | D:4      | mistymad: u
  2193 | D:4      | mistymad: 59 dmg
  2235 | D:4      | Noticed Robin
  2246 | D:4      | Killed Robin
  2362 | D:4      | Found a blossoming altar of Fedhas.
  2425 | D:4      | Found an oddly glowing altar of Pakellas.
  2531 | D:5      | Entered Level 5 of the Dungeon
  2557 | D:4      | Reached skill level 6 in Unarmed Combat
  2557 | D:4      | Reached XP level 6. HP: 48/53 MP: 6/6
  2569 | D:4      | Learned a level 2 spell: Passwall
  2650 | D:5      | Found a stormy altar of Qazlal.
  2805 | D:5      | Noticed Duvessa
  2808 | D:5      | Noticed Dowan
  2817 | D:5      | Killed Duvessa
  2817 | D:5      | Reached skill level 7 in Unarmed Combat
  2906 | D:5      | Killed Dowan
  2906 | D:5      | Reached XP level 7. HP: 51/59 MP: 7/7
  2974 | D:5      | Found a shimmering altar of Xom.
  3005 | D:5      | Found a hazy altar of Hepliaklqana.
  3008 | D:5      | Noticed Edmund
  3015 | D:5      | Killed Edmund
  3039 | D:5      | Reached skill level 8 in Unarmed Combat
  3189 | D:5      | Noticed Grinder
  3194 | D:5      | Paralysed by Grinder for 5 turns
  3251 | D:5      | Paralysed by Grinder for 2 turns
  3255 | D:5      | Killed Grinder
  3255 | D:5      | Reached skill level 9 in Unarmed Combat
  3255 | D:5      | Reached XP level 8. HP: 17/67 MP: 8/8
  3680 | D:5      | Found a staircase to the Ecumenical Temple.
  3697 | Temple   | Entered the Ecumenical Temple
  4026 | D:6      | Found a hide-covered altar of Uskayaw.
  4125 | D:6      | Reached skill level 10 in Unarmed Combat
  4443 | D:6      | Got a dazzling whip
  4444 | D:6      | Identified the cursed +3 whip "Ahyr" {slash, *Confuse rPois Int+2} (You found it on level 6 of the Dungeon)
  4665 | D:6      | Found an ancient bone altar of Kikubaaqudgha.
  4861 | D:7      | Noticed Joseph
  4878 | D:6      | Reached skill level 11 in Unarmed Combat
  5030 | D:7      | Gained mutation: You are somewhat resistant to further mutation. [potion of mutation]
  5031 | D:7      | Gained mutation: Your body sometimes deteriorates upon taking damage. [potion of mutation]
  5032 | D:7      | Gained mutation: Scrolls take you a little longer to read. [potion of mutation]
  5032 | D:7      | Gained mutation: Your skin changes colour to match your surroundings (Stealth+). [potion of mutation]
  5071 | D:7      | Killed Joseph
  5071 | D:7      | Reached XP level 9. HP: 15/74 MP: 9/9
  5363 | D:7      | Reached skill level 12 in Unarmed Combat
  5509 | D:7      | HP: 3/74 [hippogriff (3)]
  5511 | D:7      | HP: 1/74 [poisoned by a killer bee]
  5861 | D:7      | Found an iron altar of Okawaru.
  5862 | D:7      | Found a snail-covered altar of Cheibriados.
  5921 | D:8      | Found a glowing silver altar of Zin.
  5940 | D:8      | Noticed a hill giant
  5951 | D:8      | Killed a hill giant
  5951 | D:8      | Reached skill level 13 in Unarmed Combat
  5954 | D:8      | Noticed a gargoyle
  6232 | D:8      | Reached XP level 10. HP: 73/81 MP: 10/10
  6282 | D:8      | Killed a gargoyle
  6402 | D:8      | Reached skill level 14 in Unarmed Combat
  6456 | D:8      | Slain by an unseen horror

Vault maps used:
D:1:      minmay_arrival_split_and_join
D:3:      tso_oasis_becter, serial_bayou_pond_d, kennysheep_small_spiral,
          okawaru_metal_pillars_1_2
D:4:      overflow_temple_1_default, johnstein_pakellas_dig, fedhas_altar_2,
          first_bread, uniq_robin
D:5:      nicolae_overflow_crystal_walls, xom_butterflies, kennysheep_mini_moat,
          uniq_duvessa, uniq_edmund, uniq_grinder
D:6:      lemuel_round_altar, basic_altar
D:7:      gammafunk_temple_overflow_pools, grunt_livestock, st_stairs_12,
          uniq_joseph
D:8:      minmay_bloctagon, lemuel_doored_altar, grunt_lair_entry_orc_guard_hut,
          uniq_grum
Temple:   jpeg_temple_alley_garden

Skill      XL: |  1  2  3  4  5  6  7  8  9 10 |
---------------+-------------------------------+-----
Unarmed Combat | 1 2 3 5 6 7 9 11 13 14 | 14.0
Spellcasting   | 2 |  2.1
Dodging        | |  1.5
Stealth        | |  1.1
Transmutations | |  0.6
Earth Magic    | |  2.6

Action                   |  1- 3 |  4- 6 |  7- 9 | 10-12 || total
-------------------------+-------+-------+-------+-------++-------
Melee: Unarmed           |    84 |   145 |   336 |    44 ||   609
       Punch             |       |       |    11 |     3 ||    14
Evoke: Wand              |       |     3 |     3 |     1 ||     7
  Use: Potion            |       |     1 |     4 |       ||     5
       Scroll            |       |       |    13 |     2 ||    15
  Eat: Chunk             |    14 |    17 |    37 |     2 ||    70
Armor: Robe              |    26 |    55 |   113 |    19 ||   213
Dodge: Dodged            |    33 |    60 |   181 |    24 ||   298
Block: Other             |       |     8 |    25 |     2 ||    35
